 Dungeon Crawl Stone Soup version 0.29-a0-289-g2178c42546 (webtiles) character file.

Game seed: 1165212878893789414

466 Ajdolov the Slinger (level 6, -3/30 HPs)
             Began as a Spriggan Hunter on Mar 17, 2022.
             Succumbed to a kobold brigand's curare-tipped dart
             ... on level 4 of the Dungeon.
             The game lasted 00:06:53 (6098 turns).

Ajdolov the Slinger (Spriggan Hunter)               Turns: 6098, Time: 00:06:54

Health: -3/30      AC:  3    Str:  7    XL:     6   Next: 81%
Magic:  7/7        EV: 18    Int: 10    God:
Gold:   210        SH:  5    Dex: 21    Spells: 5/5 levels left

rFire   . . .      SeeInvis +   a - +1 hunting sling
rCold   . . .      Faith    .   (no shield)
rNeg    . . .      Spirit   .   b - +0 robe
rPois   .          Reflect  +   (helmet restricted)
rElec   .          Harm     .   n - +0 cloak
rCorr   .          Rampage  .   (gloves unavailable)
Will    +....                   (boots unavailable)
Stlth   ++........              k - amulet of reflection
HPRegen 0.10/turn               (no ring)
MPRegen 0.10/turn               (no ring)

@: lethally poisoned (-3 -> -20), slowed, quick
A: very small, no large weapons, unfitting armour, see invisible, speed 3
a: no special abilities


You were on level 4 of the Dungeon.
You visited 1 branch of the dungeon, and saw 4 of its levels.

You collected 210 gold pieces.

Inventory:

Hand Weapons
 a - a +1 hunting sling (weapon)
Armour
 b - a +0 robe (worn)
 n - a +0 cloak (worn)
Jewellery
 k - an amulet of reflection (around neck)
Scrolls
 c - a scroll of immolation
 e - 7 scrolls of teleportation {unknown}
 f - 7 scrolls of identify {unknown}
 h - a scroll of holy word {unknown}
 i - a scroll of brand weapon {unknown}
 l - a scroll of fear {unknown}
 o - a scroll of blinking {unknown}
 p - a scroll of enchant armour {unknown}
Potions
 d - 3 potions of cancellation {unknown}
 g - a potion of curing
 j - a potion of magic {unknown}
 m - 2 potions of mutation {unknown}
 q - a potion of flight {unknown}


   Skills:
 - Level 1.5 Fighting
 * Level 9.9 Slings
 - Level 2.6 Dodging
 - Level 1.5 Stealth


You had 5 spell levels left.
You didn't know any spells.
Your spell library contained the following spells:

 Spells                   Type           Power      Damage    Failure   Level
 Blink                    Tloc           0%         N/A       50%         2
 Manifold Assault         Tloc           0%         N/A       100%        5
 Storm Form               Tmut/Air       0%         N/A       100%        7


Dungeon Overview and Level Annotations

Branches:
Dungeon (4/15)
 Temple: D:4-7

Altars:


Innate Abilities, Weirdness & Mutations

You are very small and have problems with some larger weapons.
You are too small for most types of armour.
You have supernaturally acute eyesight. (SInv)
You cover ground extremely quickly. (Speed+++)


Message History

You start resting.
HP restored.
There is a stone staircase leading down here.
You climb downwards.
The kobold brigand hits you with a +0 falchion.
You block the kobold brigand's attack.
There is a stone staircase leading up, spattered with blood here.
The kobold brigand throws a curare-tipped dart.
The curare-tipped dart hits you.
You are poisoned.
You have difficulty breathing.
You feel yourself slow down.
You feel very sick.
The kobold brigand throws a curare-tipped dart.
The curare-tipped dart closely misses you.
You feel sick.
You feel sick.
You feel sick.
The kobold brigand throws a curare-tipped dart.
The curare-tipped dart misses you.
The kobold brigand throws a curare-tipped dart.
The curare-tipped dart barely misses you.
You feel sick.
You feel sick.
Things that are here:
a +0 robe; a +0 glaive You feel sick.
You feel sick.
You are no longer poisoned.
The kobold brigand throws a curare-tipped dart.
The curare-tipped dart closely misses you.
You feel yourself speed up.
The kobold brigand throws a curare-tipped dart.
The curare-tipped dart completely misses you.
The kobold brigand throws a curare-tipped dart.
The curare-tipped dart hits you.
You are lethally poisoned!
You have difficulty breathing.
* * * LOW HITPOINT WARNING * * *
You feel yourself slow down.
You die...

#####################
#....................
###########.#####.### #.# #.# #
## #.# #.# # .# #.#####.### .#
#........##
.######################.##.##..##
)......)........@.............>..
.#####################K.....#..##
.# ###≈≈≈#### #..###.#..## .#
#≈≈≈≈≈≈≈≈ ######........... .##
≈≈≈≈≈≈≈######...###.###.#K.##
.)####≈≈≈###..........#####.#..#
...).#####.).....###..)..)#.#..#
.....))...).######≈###..[.#.#K.#
#####.....###≈≈≈≈≈≈≈≈######.#.##


You could see a kobold brigand.

Vanquished Creatures
  An ogre (D:4)
  Blork the orc (D:4)
  A howler monkey (D:4)
  An orc priest (D:3)
  Crazy Yiuf (D:2)
  A jelly (D:3)
  An iguana (D:4)
  2 adders (D:2)
  2 ufetubi
  A worm (D:2)
  5 orcs
  2 endoplasms
  2 giant cockroaches (D:3)
  6 goblins
  10 hobgoblins
  7 jackals
  10 kobolds
  3 quokkas
  6 ball pythons
  8 bats
  2 frilled lizards
  A rat (D:3)
74 creatures vanquished.

Vanquished Creatures (others)
  A kobold brigand (D:4)
1 creature vanquished.

Grand Total: 75 creatures vanquished

Notes
Turn   | Place    | Note
-------+----------+-------------------------------------------
     0 | D:1      | Ajdolov the Spriggan Hunter began the quest for the Orb.
     0 | D:1      | Reached XP level 1. HP: 10/10 MP: 2/2
    69 | D:1      | Reached skill level 5 in Slings
   536 | D:1      | Reached XP level 2. HP: 14/14 MP: 3/3
  1082 | D:2      | Reached skill level 6 in Slings
  1105 | D:2      | Reached XP level 3. HP: 15/18 MP: 4/4
  1878 | D:2      | Found a runed translucent door.
  1879 | D:2      | Noticed Crazy Yiuf
  1962 | D:2      | Found a faded altar of an unknown god.
  2257 | D:2      | Killed Crazy Yiuf
  2258 | D:2      | Reached XP level 4. HP: 22/22 MP: 5/5
  2395 | D:3      | Reached skill level 7 in Slings
  3280 | D:3      | Reached XP level 5. HP: 25/25 MP: 6/6
  3766 | D:4      | Reached skill level 8 in Slings
  4185 | D:4      | Noticed an ogre
  4220 | D:4      | Killed an ogre
  4221 | D:4      | Reached skill level 9 in Slings
  4221 | D:4      | Reached XP level 6. HP: 30/30 MP: 7/7
  4265 | D:4      | Noticed Blork the orc
  4294 | D:4      | Killed Blork the orc
  6097 | D:4      | HP: 1/30 [asphyx]
  6098 | D:4      | Succumbed to a kobold brigand's curare-tipped dart

Illustrated notes

Levels and vault maps discovered:
D:1:      kennysheep_arrival_seaside, layout_loops_ring
D:2:      minmay_alternating_diamond, layout_loops_ring,
          shapermc_ecumenical_altar_ellora, minmay_pentomino_x2,
          uniq_crazy_yiuf_cottage
D:3:      layout_loops_cross, kennysheep_generic_room_9
D:4:      cheibrodos_thug_alley, layout_basic, uniq_blork_the_orc

Skill      XL: |  1  2  3  4  5 |
---------------+----------------+-----
Slings         | 5 6 7 9 |  9.9
Fighting       | |  1.5
Dodging        | |  2.6
Stealth        | |  1.5

Action                   |  1- 3 |  4- 6 || total
-------------------------+-------+-------++-------
 Fire: Hunting sling     |   112 |   185 ||   297
  Use: Potion            |       |     1 ||     1
Armor: Robe              |    10 |       ||    10
Dodge: Dodged            |    55 |    33 ||    88
Block: Other             |       |    13 ||    13
       Reflection        |       |     2 ||     2

Table legend: (Time is in decaauts)
 A = Elapsed time spent in this place.
 B = Non-inter-level travel time spent in this place.
 C = Inter-level travel time spent in this place.
 D = Time resting spent in this place.
 E = Time spent auto-exploring this place.
 F = Levels seen in this place.
 G = Mean time per level.
                   A        B        C        D        E       F      G
               +--------+--------+--------+--------+--------+-----+--------+
         Total |   4898 |   4790 |    108 |   1548 |   2448 |   4 | 1224.5 |
       Dungeon |   4898 |   4790 |    108 |   1548 |   2448 |   4 | 1224.5 |
               +--------+--------+--------+--------+--------+-----+--------+

Top non-repeatable levels by time:
     D:2: 2078 daAuts
     D:3: 1210 daAuts
     D:4: 1003 daAuts
     D:1: 606 daAuts
